 Dungeon Crawl Stone Soup version 0.31-a0-1099-g7fa767f3fe (webtiles) character file.

Game seed: 13891654626169721686

1605 Malachi the Grappler (level 8, 0/55 HPs)
             Began as an Octopode Shapeshifter on Dec 1, 2023.
             Was a Follower of Uskayaw.
             Slain by an ogre
             ... wielding a +0 giant club
              (27 damage)
             ... on level 6 of the Dungeon.
             The game lasted 00:09:50 (6923 turns).

Malachi the Grappler (Octopode Shapeshifter)        Turns: 6923, Time: 00:09:50

Health: 0/55       AC:  1    Str: 13    XL:     8   Next: 94%
Magic:  0/8        EV: 14    Int: 14    God:    Uskayaw [*.....]
Gold:   199        SH:  0    Dex: 24    Spells: 7/7 levels left

rFire   + +          .
                       - Unarmed
rCold   . . .        (no shield)
rNeg    . . .        (helmet currently unavailable)
rPois   .            v - amulet of guardian spirit
rElec   .            g - +6 ring of dexterity
rCorr   .            n - ring of protection from fire
SInv    +            p - ring of protection from fire
Will    .....        r - ring of see invisible
Stlth   +++          w - +6 ring of dexterity
HPRegen 0.29/turn    (no ring)
MPRegen 0.11/turn    (no ring)
                     (no ring)

%: guardian spirit
@: beast-form
A: beast (slay +2), almost no armour, amphibious, 8 rings, camouflage 1,
gelatinous body 1, (nimble swimmer 1), tentacles, tentacle spike 1, high MP 1,
wild magic 1
a: Begin Untransformation, Renounce Religion, Stomp


You were on level 6 of the Dungeon.
You worshipped Uskayaw.
Uskayaw was noncommittal.
You were a hulking beast.
You visited 1 branch of the dungeon, and saw 6 of its levels.
You also visited: Sewer.

You collected 304 gold pieces.
You spent 105 gold pieces at shops.

Inventory:

Missiles
 t - 4 curare-tipped darts
Magical Staves
 d - a staff of fire
Jewellery
 g - a +6 ring of dexterity (left tentacle)
 l - an amulet of magic regeneration
 n - a ring of protection from fire (right tentacle)
 p - a ring of protection from fire (on tentacle)
 r - a ring of see invisible (on tentacle)
 v - an amulet of guardian spirit (around mantle)
 w - a +6 ring of dexterity (on tentacle)
 x - the ring "Fosuawk" {+Blink rElec rPois MP-9 Str+6}
   (You acquired it on level 5 of the Dungeon)

   [ring of strength]

   Str+6:     It affects your strength (+6).
   rElec:     It insulates you from electricity.
   rPois:     It protects you from poison MP-9: It affects your magic capacity
   (-9).
   +Blink:    It lets you blink.
 z - a +5 ring of evasion
Talismans
 b - a beast talisman
 c - a flux talisman
Wands
 a - a wand of flame (32)
Scrolls
 e - a scroll of revelation
 f - 2 scrolls of fog
 h - 2 scrolls of teleportation
 k - a scroll of enchant armour
 q - 4 scrolls of blinking
 s - 2 scrolls of enchant weapon
 u - 2 scrolls of poison
 y - a scroll of fear
Potions
 i - a potion of attraction {unknown}
 j - 8 potions of enlightenment
 m - 3 potions of haste
 o - 3 potions of curing


   Skills:
 - Level 5.0 Fighting
 - Level 2.0 Dodging
 + Level 9.9 Unarmed Combat
 + Level 3.7 Shapeshifting


You had 7 spell levels left.
You didn't know any spells.
Your spell library contained the following spells:

 Spells                   Type           Power      Damage    Failure   Level
 Freeze                   Ice            0%         1d3       36%         1
 Passwall                 Tmut/Erth      0%         N/A       50%         2
 Scorch                   Fire           0%         2d5       50%         2
 Wereblood                Tmut           0%         N/A       50%         2
 Frozen Ramparts          Ice            0%         1d1       73%         3
 Hailstorm                Conj/Ice       0%         3d3       73%         3
 Irradiate                Conj/Tmut      0%         3d11      100%        5
 Ignition                 Fire           0%         3d3       100%        8


Dungeon Overview and Level Annotations

Branches:
Dungeon (6/15)              Sewer (visited)
 Temple: D:4-7

Altars:
Cheibriados
Okawaru
Sif Muna
Uskayaw
Vehumet
Yredelemnul

Shops:
D:3 ?   D:4 (   D:5 ?

Annotations:
D:4 2 transporters, jotaen's ghost, amateur MiMo


Innate Abilities, Weirdness & Mutations

You are a hulking beast.
Your limbs bulge with bestial killing power. (Slay +2)
You cannot wear most types of armour.
You are amphibious.
You can wear up to eight rings at the same time.
Your skin changes colour to match your surroundings (Stealth+).
Your rubbery body absorbs attacks. (AC +1, EV +1)
((You are camouflaged when in or above water. (Stealth+)))
You have tentacles for arms and can constrict up to eight enemies at once.
One of your tentacles bears a spike.
You have an increased reservoir of magic. (+10% MP)
Your spells are a little harder to cast, but a little more powerful.


Message History

You pick up Sif Muna's Volume of Arson and the Syncline and begin reading...
It was Sif Muna's Volume of Arson and the Syncline.
You add the spells Scorch, Passwall and Ignition to your library.
There is a stone staircase leading down here.
Found a stone staircase leading up.
An adder comes into view.
An adder is nearby!
An adder is nearby!
An adder is nearby!
There is a stone staircase leading up here.
The helpless adder fails to defend itself.
You tentacle-slap the adder. Your grab misses the adder.
You pierce the adder.
Your squeeze misses the adder.
The adder is severely wounded.
The adder closely misses you.
You bludgeon the adder!
You kill the adder!
No target in view!
You pick up a book of Frost and begin reading...
You add the spells Freeze, Frozen Ramparts and Hailstorm to your library.
An ogre comes into view. It is wielding a +0 giant club.
An ogre is nearby!
An ogre is nearby!
An ogre is nearby!
The ogre shouts!
You bludgeon the ogre! Your squeeze misses the ogre.
The ogre is heavily wounded.
The ogre hits you with a +0 giant club!!
Ouch! That really hurt!
You are too injured to fight recklessly!
You are too injured to fight recklessly!
You are too injured to fight recklessly!
You are too injured to fight recklessly!
Unknown command.
You tentacle-slap the ogre.
You pierce the ogre.
The ogre is severely wounded.
You bludgeon the ogre!
The ogre is almost dead.
The ogre hits you with a +0 giant club!!
You die...

########
..†....#####..
.<............
######.######. #
#.# #. ##.# #.#
#.# #... #.#
#.###.. #.#
###.#.#.#
#.######...hO..#
#........##..###
###########.##
#.# # #.#
########### #..
..........# #..
#########.# ...
.......##.#


You could see an ogre.

Vanquished Creatures
  A hornet (D:5)
  Menkaure (D:5)
  A water moccasin (D:5)
  A black bear (D:4)
  3 ogres
  A bullfrog (D:6)
  3 scorpions
  A howler monkey (D:5)
  2 orc priests (D:5)
  A hound (D:5)
  3 iguanas (D:5)
  A sleepcap (D:3)
  Ijyb (D:3)
  3 orc wizards
  10 adders
  5 river rats
  A white imp (D:5)
  2 ufetubi (D:5)
  3 worms
  A dart slug (D:1)
  22 orcs
  2 endoplasms
  5 giant cockroaches
  6 goblins
  4 hobgoblins
  8 jackals
  7 kobolds
  5 quokkas
  6 ball pythons
  11 bats
  3 frilled lizards
  8 rats
132 creatures vanquished.

Notes
Turn   | Place    | Note
-------+----------+-------------------------------------------
     0 | D:1      | Malachi the Octopode Shapeshifter began the quest for the
                  | Orb.
     0 | D:1      | Reached XP level 1. HP: 13/13 MP: 1/1
   147 | D:1      | Reached XP level 2. HP: 18/18 MP: 2/2
   371 | D:1      | Reached skill level 4 in Unarmed Combat
   611 | D:1      | Found a faded altar of an unknown god.
   777 | D:2      | Reached XP level 3. HP: 23/23 MP: 3/3
  1411 | D:3      | Found Jinef's Magic Scroll Boutique.
  1459 | D:3      | Bought a scroll of blinking for 105 gold pieces
  1511 | D:3      | Reached XP level 4. HP: 27/28 MP: 4/4
  1602 | D:3      | Reached skill level 5 in Unarmed Combat
  2020 | D:3      | Noticed Ijyb
  2027 | D:3      | Killed Ijyb
  2028 | D:3      | Reached XP level 5. HP: 29/33 MP: 5/5
  2028 | D:3      | Noticed an ogre
  2036 | D:3      | Killed an ogre
  2037 | D:3      | Reached skill level 6 in Unarmed Combat
  2897 | D:4      | Reached XP level 6. HP: 26/38 MP: 6/6
  2906 | D:4      | Found Sawuh's Antique Weapon Emporium.
  2923 | D:4      | Noticed jotaen's ghost (amateur MiMo)
  2924 | D:4      | Found a transporter.
  2936 | D:4      | Found a glowing drain.
  2953 | Sewer    | Entered a sewer
  3270 | Sewer    | Reached skill level 7 in Unarmed Combat
  3547 | D:4      | Gained mutation: You passively map a small area around you.
                  | [potion of mutation]
  3547 | D:4      | Gained mutation: You do not regenerate when monsters are
                  | visible. [potion of mutation]
  3547 | D:4      | Gained mutation: You have hidden genetic defects. [potion
                  | of mutation]
  3548 | D:4      | Lost mutation: You do not regenerate when monsters are
                  | visible. [potion of mutation]
  3548 | D:4      | Lost mutation: You have hidden genetic defects. [potion of
                  | mutation]
  3548 | D:4      | Lost mutation: You passively map a small area around you.
                  | [potion of mutation]
  3548 | D:4      | Gained mutation: You have an increased reservoir of magic.
                  | (+10% MP) [potion of mutation]
  3548 | D:4      | Gained mutation: Your spells are a little harder to cast,
                  | but a little more powerful. [potion of mutation]
  3548 | D:4      | Gained mutation: One of your tentacles bears a spike.
                  | [potion of mutation]
  3716 | D:4      | Found a transporter.
  3836 | D:4      | Noticed a black bear
  3846 | D:4      | Killed a black bear
  3847 | D:4      | Reached XP level 7. HP: 22/43 MP: 7/7
  4125 | D:4      | Found a radiant altar of Vehumet.
  4299 | D:4      | Reached skill level 8 in Unarmed Combat
  4574 | D:5      | Entered Level 5 of the Dungeon
  5153 | D:5      | Noticed Menkaure
  5422 | D:5      | Identified the +2 dagger of the Spider Nest {drain, *Slow
                  | rCorr Str+2}
  5457 | D:5      | Killed Menkaure
  5470 | D:5      | Reached XP level 8. HP: 40/52 MP: 6/8
  5715 | D:5      | Reached skill level 9 in Unarmed Combat
  5848 | D:5      | Noticed a hornet
  5853 | D:5      | Found a snail-covered altar of Cheibriados.
  5854 | D:5      | Found an iron altar of Okawaru.
  5856 | D:5      | Killed a hornet
  5858 | D:5      | Found a shimmering blue altar of Sif Muna.
  5858 | D:5      | Found a basalt altar of Yredelemnul.
  6238 | D:5      | Found Ciunow's Magic Scroll Shop.
  6241 | D:5      | Identified a scroll of acquirement
  6241 | D:5      | Acquired the ring "Fosuawk" {+Blink rElec rPois MP-9 Str+6}
  6414 | D:1      | Prayed at the altar of an unknown god.
  6414 | D:1      | Became a worshipper of Uskayaw the Reveller
  6414 | D:1      | Reached * piety under Uskayaw
  6600 | D:6      | Reached ** piety under Uskayaw
  6602 | D:6      | Reached skill level 5 in Fighting
  6602 | D:6      | Reached *** piety under Uskayaw
  6863 | D:6      | Got Sif Muna's Volume of Arson and the Syncline
  6923 | D:6      | Slain by an ogre

Illustrated notes

Levels and vault maps discovered:
D:1:      lemuel_arrival_cross, layout_loops_ring,
          shapermc_ecumenical_altar_notcrosses
D:2:      layout_basic, minivault_14
D:3:      layout_loops_ring, serial_shops, shop, uniq_ijyb
D:4:      layout_gridville, mainiacjoe_overflow_brackets, serial_shops,
          nicolae_shop_tiny_real_fake_doors, gammafunk_ghost_arena,
          cheibrodos_sewer_entry_sluice
D:5:      nicolae_cairo_tiling_large_dashed, layout_loops_ring,
          mainiacjoe_overflow_alcove_3, serial_shops, nicolae_shop_rolled_up,
          uniq_menkaure
D:6:      layout_loops_ring, nemelex_dance_club_becter

Skill      XL: |  1  2  3  4  5  6  7  8 |
---------------+-------------------------+-----
Unarmed Combat | 4 5 6 7 8 9 |  9.9
Fighting       | 3 5 |  5.0
Dodging        | |  2.0
Shapeshifting  | |  3.7

Action                     |  1- 3 |  4- 6 |  7- 9 || total
---------------------------+-------+-------+-------++-------
  Melee: Unarmed           |    63 |   109 |    86 ||   258
         Constrict         |    17 |    29 |    27 ||    73
         Tentacles         |    10 |    28 |    20 ||    58
         Punch             |       |     3 |     6 ||     9
         Kick              |       |     6 |    35 ||    41
  Evoke: Wand              |       |       |    11 ||    11
    Use: Scroll            |     4 |     8 |     4 ||    16
         Potion            |       |     9 |     2 ||    11
   Stab: Sleeping          |    13 |    14 |     3 ||    30
         Distracted        |       |       |     1 ||     1
         Paralysed         |       |       |     1 ||     1
 Armour: Skin              |    23 |    48 |    44 ||   115
  Dodge: Dodged            |    24 |    61 |    39 ||   124

Table legend: (Time is in decaauts)
 A = Elapsed time spent in this place.
 B = Non-inter-level travel time spent in this place.
 C = Inter-level travel time spent in this place.
 D = Time resting spent in this place.
 E = Time spent auto-exploring this place.
 F = Levels seen in this place.
 G = Mean time per level.
                   A        B        C        D        E       F      G
               +--------+--------+--------+--------+--------+-----+--------+
         Total |   6877 |   6533 |    344 |   2074 |   3453 |   7 |  982.4 |
       Dungeon |   6334 |   5990 |    344 |   1993 |   3185 |   6 | 1055.7 |
         Sewer |    542 |    542 |      0 |     81 |    268 |   1 |  542.0 |
               +--------+--------+--------+--------+--------+-----+--------+

Top non-repeatable levels by time:
     D:4: 1685 daAuts
     D:3: 1514 daAuts
     D:5: 1265 daAuts
     D:1: 808 daAuts
     D:2: 677 daAuts
   Sewer: 542 daAuts
     D:6: 383 daAuts
